Description

Classic Vs Reynor

Build Order

Get SALT Encoding   

  43  3:25  Assimilator x2  
  46  3:35  Gateway  
  48  3:48  Robotics Facility  
  50  4:00  Twilight Council  
  54  4:20  Gateway x2  
  60  4:50  Templar Archives  
  63  5:20  Nexus  5:00 - 5:25
  76  5:45  Forge  
  76  5:50  Gateway x2  
Spawning Tool Build Advisor. Get it on Overwolf

Analysis

Classic Vs Reynor

Go to:

Details

  • Created by: VoLtuu
  • Published on: Mar 14, 2018
  • Modified on: Mar 14, 2018
  • Patch: 4.0.0
Show
View Real Time Build Order
Export as new Build Order

Comments (0)

There are no comments. Be the first!

Create an account to comment!